Map: Last Fantasy LE

Players

ByuN - Winner!

  • Race: Terran Terran
  • Spawn Location: 3:00

Percival

  • Race: Terran Terran
  • Spawn Location: 12:00

VOD

Have the link to the VOD?

Description

Time

  • Played on: July 29, 2025, 9:33 p.m.
  • Length: 11:52
Show
View Real Time Build Order
Export as new Build Order

ByuN Terran - Winner!

Build Orders:  

Get SALT Encoding   

  12  0:00  SCV  
  13  0:12  SCV  
  14  0:18  Supply Depot  
  14  0:24  SCV  
  14  0:27  Refinery  
  15  0:39  SCV  
  16  0:44  Barracks  
  16  0:51  SCV  
  17  0:57  Refinery  
  17  1:04  SCV  
  18  1:16  SCV  
  19  1:31  Reaper, Orbital Command  
  20  1:35  Factory  
  20  1:49  Supply Depot  
  20  1:57  SCV  
  21  2:04  Reaper  
  22  2:09  SCV  
  23  2:19  Hellion  
  23  2:21  SCV  
  26  2:27  Command Center  
  26  2:33  SCV  
  26  2:36  Reaper  
  28  2:40  Supply Depot  
  28  2:44  Hellion  
  30  2:46  SCV  
  31  2:55  Starport  
  31  3:02  SCV  
  31  3:05  Factory Tech Lab  
  32  3:08  Barracks Reactor  
  32  3:14  SCV  
  33  3:22  Refinery  
  33  3:24  Cyclone  
  33  3:26  SCV  
  37  3:38  SCV, Starport Tech Lab  
  37  3:39  Orbital Command  
  37  3:48  Marine x2  
  37  3:50  SCV  
  39  3:59  Cyclone  
  42  4:05  SCV x2  
  42  4:06  Marine x2  
  42  4:07  Raven  
  47  4:17  SCV  
  47  4:18  SCV  
  47  4:19  Interference Matrix  
  47  4:23  Supply Depot  
  49  4:24  Marine x2  
  49  4:30  SCV x2  
  53  4:42  SCV  
  53  4:45  Siege Tank  
  57  4:46  SCV  
  57  4:51  Marine x2  
  57  4:52  Raven  
  60  4:54  SCV  
  60  4:58  SCV  
  62  5:02  Supply Depot  
  62  5:09  Supply Depot  
  62  5:10  SCV  
  62  5:11  SCV  
  64  5:17  Siege Tank  
  64  5:19  Marine x2  
  69  5:27  SCV x2  
  71  5:33  Command Center  
  69  5:44  SCV x2  
  69  5:45  Refinery  
  69  5:47  Supply Depot  
  69  5:49  Viking, Siege Tank  
  76  5:51  Viking  
  78  5:58  Starport  
  78  5:59  SCV x2  
  80  6:05  Marine  
  80  6:09  Supply Depot  
  79  6:12  Barracks  
  79  6:14  SCV x2  
  81  6:21  Siege Tank  
  81  6:23  Viking  
  86  6:26  Marine  
  86  6:28  Viking  
  89  6:37  Viking  
  91  6:49  Marine  
  91  6:53  Siege Tank  
  91  6:54  SCV  
  91  6:55  Supply Depot  
  91  6:56  Barracks  
  85  7:03  Viking  
  84  7:10  Viking  
  84  7:12  Marine  
  84  7:13  Viking  
  84  7:15  Marine  
  83  7:25  Siege Tank  
  77  7:30  Marine  
  77  7:31  SCV  
  77  7:33  Viking  
  81  7:37  Starport  
  81  7:40  Viking  
  81  7:42  SCV  
  81  7:43  SCV  
  81  7:46  Marine  
  81  7:48  Marine  
  80  7:54  SCV  
  80  7:57  Viking  
  77  8:01  Barracks  
  77  8:03  Viking  
  77  8:04  Marine  
  77  8:05  Siege Tank  
  77  8:07  Barracks Tech Lab  
  77  8:10  Viking  
  77  8:12  SCV x2  
  84  8:14  Barracks  
  84  8:17  Orbital Command  
  82  8:21  Barracks Reactor  
  82  8:24  SCV  
  83  8:27  SCV, Viking  
  83  8:32  Supply Depot  
  86  8:37  Viking  
  88  8:46  SCV x3  
  91  8:48  Engineering Bay x2  
  88  8:58  SCV x3  
  88  9:01  Siege Tank  
  88  9:02  Marine  
  79  9:07  Marine  
  75  9:10  SCV x2  
  75  9:11  SCV  
  75  9:12  Barracks Reactor  
  75  9:13  Marine x2  
  75  9:14  Stimpack, Combat Shield  
  80  9:19  Refinery  
  80  9:20  Refinery, Barracks Reactor, Terran Infantry Weapons Level 1  
  80  9:22  Terran Infantry Armor Level 1  
  80  9:24  Marine  
  80  9:25  Marine  
  80  9:30  Viking x2  
  86  9:33  Viking  
  88  9:40  Marine  
  88  9:41  Marine  
  88  9:42  Siege Tank  
  93  9:47  Marine x2  
  93  9:50  Command Center  
  95  9:57  SCV x2, Marine x2  
  95  9:58  Marine x3  
  102  10:02  Armory  
  102  10:04  Sensor Tower  
  102  10:05  Marine x2  
  104  10:08  Starport Reactor  
  104  10:09  Viking  
  104  10:13  Viking  
  106  10:24  Marine  
  106  10:25  Marine x2  
  106  10:26  Siege Tank  
  106  10:28  SCV x2  
  110  10:31  SCV  
  110  10:34  Marine x2  
  107  10:36  Marine  
  107  10:39  Marine x2  
  107  10:42  Marine  
  106  10:43  Marine x2  
  106  10:50  SCV  
  106  10:52  Marine x2  
  106  10:54  Marine  
  105  10:57  Marine x2  
  105  10:58  Siege Tank  
  105  11:00  Marine  
  105  11:01  Marine x2  
  109  11:07  Planetary Fortress  
  109  11:10  Marine x2  
  111  11:12  Marine  
  111  11:17  Medivac x2  
  111  11:18  Marine x2  
  119  11:19  Marine  
  119  11:20  Medivac  
  119  11:23  SCV x3  
  126  11:27  Marine x2  
  129  11:33  Factory  
  129  11:34  Barracks  
  129  11:37  Barracks Reactor  
Show
View Real Time Build Order
Export as new Build Order

Percival Terran 

Build Orders:  

Get SALT Encoding   

  12  0:00  SCV  
  13  0:12  SCV  
  14  0:17  Supply Depot  
  14  0:24  SCV  
  15  0:39  SCV  
  15  0:40  Barracks  
  16  0:44  Refinery  
  16  0:51  SCV  
  16  0:55  Refinery  
  17  1:03  SCV  
  18  1:15  SCV  
  19  1:27  Orbital Command, Reaper  
  19  1:28  Supply Depot  
  20  1:43  Factory  
  20  1:54  SCV  
  20  1:59  Reaper  
  22  2:06  SCV  
  23  2:18  Command Center  
  23  2:21  SCV  
  24  2:26  Hellion  
  26  2:32  Barracks Reactor  
  26  2:33  SCV  
  27  2:41  Starport  
  27  2:47  Supply Depot  
  27  2:51  Factory Tech Lab  
  27  2:53  SCV  
  28  3:05  SCV  
  29  3:11  Siege Tank  
  29  3:12  Marine x2  
  33  3:17  SCV  
  35  3:22  Medivac  
  37  3:29  SCV  
  37  3:30  Marine x2  
  39  3:36  Orbital Command  
  38  3:42  SCV  
  38  3:47  Cyclone  
  42  3:51  Marine  
  42  3:54  SCV, Marine  
  43  3:57  Starport Tech Lab  
  41  4:06  SCV  
  41  4:07  SCV  
  43  4:10  Refinery, Supply Depot  
  43  4:19  Siege Tank  
  43  4:20  SCV x2  
  48  4:29  Refinery  
  48  4:30  Supply Depot  
  48  4:32  SCV x2  
  50  4:44  SCV x2  
  48  4:50  Viking x2  
  48  4:51  Siege Tank  
  48  4:52  Marine  
  54  4:56  SCV x2  
  53  5:04  Starport  
  53  5:08  SCV x2  
  53  5:10  Marine  
  56  5:20  SCV x2, Viking  
  62  5:22  Liberator  
  62  5:25  Supply Depot  
  63  5:32  SCV x2  
  63  5:33  Marine  
  63  5:35  Siege Tank  
  65  5:41  Viking  
  67  5:44  Supply Depot  
  67  5:45  SCV x2  
  69  5:53  Marine  
  69  5:56  Viking  
  72  5:58  SCV  
  72  6:00  SCV  
  74  6:05  Viking  
  74  6:10  Siege Tank  
  74  6:11  SCV  
  80  6:12  SCV  
  81  6:20  Marine  
  81  6:21  Viking  
  81  6:23  SCV  
  81  6:24  SCV  
  84  6:34  Viking  
  86  6:59  SCV, Viking  
  86  7:00  SCV, Marine, Siege Tank  
  84  7:04  Viking  
  82  7:11  SCV, Supply Depot  
  82  7:12  SCV, Supply Depot  
  82  7:15  Command Center  
  77  7:26  Marine  
  77  7:29  Viking x2  
  80  7:32  Siege Tank  
  83  7:44  Marine  
  81  7:49  SCV x2  
  77  8:01  SCV  
  77  8:02  Marine  
  75  8:05  Siege Tank  
  75  8:06  Viking x3  
  75  8:07  Stimpack  
  81  8:17  Barracks  
  79  8:22  Marine, Barracks  
  80  8:30  Engineering Bay x2  
  80  8:31  Orbital Command  
  80  8:33  SCV, Barracks  
  81  8:35  SCV  
  81  8:37  Barracks  
  80  8:42  Siege Tank  
  80  8:46  Viking  
  80  8:47  SCV x2  
  87  8:53  Viking  
  88  8:57  Marine  
  88  8:59  SCV  
  77  9:08  Barracks Reactor  
  71  9:11  Viking  
  71  9:14  Siege Tank  
  71  9:15  Marine  
  71  9:16  Viking  
  75  9:18  SCV x3  
  75  9:21  Barracks Reactor x2  
  75  9:23  Viking  
  80  9:26  Refinery  
  80  9:27  Refinery  
  80  9:31  Sensor Tower, Barracks Reactor  
  80  9:33  Marine  
  80  9:37  Terran Infantry Armor Level 1, Terran Infantry Weapons Level 1  
  81  9:45  Marine x2  
  81  9:48  Viking  
  81  9:51  Combat Shield, Marine  
  81  9:52  SCV x3  
  89  9:58  Supply Depot  
  89  9:59  Marine x4  
  93  10:00  Siege Tank  
  93  10:03  Marine x2  
  93  10:06  Supply Depot  
  98  10:07  Marine x2  
  98  10:09  Marine  
  101  10:18  Marine  
  101  10:19  Marine, Supply Depot  
  101  10:20  Marine  
  100  10:21  Marine  
  100  10:22  Marine  
  100  10:23  Marine  
  100  10:25  Marine  
  100  10:26  Viking x2  
  104  10:30  SCV  
  104  10:35  Marine x2  
  99  10:42  Marine x3  
  88  10:43  Marine  
  88  10:44  Marine x2  
  88  10:46  Siege Tank  
  88  10:48  Medivac  
  93  10:50  SCV x2  
  93  10:55  SCV  
  93  10:56  Medivac x2  
  98  11:01  Command Center, Marine x4  
  98  11:02  SCV, Marine x3  
  90  11:06  SCV  
  90  11:07  SCV  
  90  11:08  Marine  
  90  11:09  Marine  
  87  11:19  Armory  
  87  11:20  Siege Tank  
  87  11:22  SCV x2  
Tags
 
Matchup
TvT
Race
Terran
Spawn Locations
Close Positions
Add a new tag
Caveats
  • Supply blocks, unpowered buildings, or Contaminate may cause inaccurate times.
  • Supply counts are checked every 10 seconds.